 Dungeon Crawl Stone Soup version 0.31-a0-321-g19405a7a6a (webtiles) character file.

Game seed: 5078781209046647835

40 IdlyInterested the Cudgeller (level 3, 0/28 HPs)
             Began as a Demonspawn Gladiator on July 17, 2023.
             Succumbed to a scorpion's poison
             ... on level 2 of the Dungeon.
             The game lasted 00:01:59 (818 turns).

IdlyInterested the Cudgeller (Demonspawn Gladiator)  Turns: 818, Time: 00:02:00

Health: 0/28       AC:  6    Str: 16    XL:     3   Next: 30%
Magic:  2/2        EV: 12    Int:  9    God:
Gold:   95         SH:  0    Dex: 14    Spells: 2/2 levels left

rFire   . . .        a - +0 flail
rCold   . . .        (no shield)
rNeg    . . .        b - +0 leather armour
rPois   .            c - +0 helmet
rElec   .            (no cloak)
rCorr   .            (no gloves)
SInv    .            (no boots)
Will    .....        (no amulet)
Stlth   +            (no ring)
HPRegen 0.24/turn    (no ring)
MPRegen 0.08/turn

%: no passive effects
@: lethally poisoned (0 -> -2)
A: thin metallic scales 1, low MP 1
a: no special abilities


You were on level 2 of the Dungeon.
You visited 1 branch of the dungeon, and saw 2 of its levels.

You collected 95 gold pieces.

Inventory:

Hand Weapons
 a - a +0 flail (weapon)
Missiles
 d - 3 throwing nets (quivered)
 e - a javelin
Armour
 b - a +0 leather armour (worn)
 c - a +0 helmet (worn)
Magical Staves
 f - a staff of fire


   Skills:
 * Level 2.9 Fighting
 + Level 3.0 Maces & Flails
 - Level 2.0 Throwing
 - Level 1.0 Armour
 * Level 2.8 Dodging


You had 2 spell levels left.
You didn't know any spells.
Your spell library was empty.

Dungeon Overview and Level Annotations

Branches:
Dungeon (2/15)

Altars:


Innate Abilities, Weirdness & Mutations

You are partially covered in thin metallic scales. (AC +2)
Your magical capacity is low. (-10% MP)


Message History

You hit the scorpion.
The scorpion is lightly wounded.
The scorpion stings you.
You hit the scorpion.
The scorpion is moderately wounded.
The scorpion closely misses you. x2
You hit the scorpion.
The scorpion is heavily wounded.
A quokka comes into view.
The scorpion stings you but does no damage.
You barely miss the scorpion.
The scorpion is heavily wounded.
The scorpion stings you.
You are poisoned.
The scorpion poisons you! The scorpion barely misses you.
You hit the scorpion but do no damage.
The scorpion is heavily wounded.
You feel very sick.
The scorpion stings you but does no damage.
You hit the scorpion.
The scorpion is heavily wounded.
You feel very sick. The scorpion stings you. x2
You thump the scorpion!
The scorpion is almost dead.
You feel sick.
The scorpion stings you but does no damage.
The scorpion barely misses you.
You closely miss the scorpion.
The scorpion is almost dead.
You feel sick. The scorpion closely misses you. The quokka bites you.
* * * LOW HITPOINT WARNING * * *
It was a potion of mutation.
You feel extremely strange.
You feel less energetic.
* * * LOW HITPOINT WARNING * * *
You feel sick. The scorpion misses you.
The quokka bites you but does no damage.
You hit the scorpion.
You kill the scorpion!
You die...

## .. #### ##.
...# ..
#..###.#####
#####.?........
...............
#r@.......
#<##..^...
#.....# .....
#####.# ....
#.# ..# ..# ..
#.. # ##. .


You could see a quokka.

Vanquished Creatures
  A scorpion (D:2)
  2 dart slugs
  4 ball pythons (D:1)
  6 endoplasms
  3 goblins (D:1)
  4 hobgoblins
  4 jackals (D:1)
  5 bats (D:1)
  2 frilled lizards (D:1)
  2 rats (D:1)
33 creatures vanquished.

Notes
Turn   | Place    | Note
-------+----------+-------------------------------------------
     0 | D:1      | IdlyInterested the Demonspawn Gladiator began the quest for
                  | the Orb.
     0 | D:1      | Reached XP level 1. HP: 16/16 MP: 1/1
    71 | D:1      | Gained mutation: You are partially covered in thin metallic
                  | scales. (AC +2) [demonic ancestry]
    71 | D:1      | Reached XP level 2. HP: 22/22 MP: 2/2
   235 | D:1      | Reached skill level 1 in Armour
   518 | D:1      | Reached XP level 3. HP: 28/28 MP: 3/3
   746 | D:2      | Reached skill level 3 in Maces & Flails
   806 | D:2      | Noticed a scorpion
   817 | D:2      | Gained mutation: Your magical capacity is low. (-10% MP)
                  | [potion of mutation]
   817 | D:2      | HP: 1/28 [poisoned by a scorpion]
   818 | D:2      | Killed a scorpion
   818 | D:2      | Succumbed to a scorpion's poison

Illustrated notes

Levels and vault maps discovered:
D:1:      saegor_arrival_miasma, layout_basic
D:2:      layout_rooms

Skill      XL: |  1  2  3 |
---------------+----------+-----
Throwing       | 2 |  2.0
Armour         | 1 |  1.0
Maces & Flails | 3 |  3.0
Fighting       | |  2.9
Dodging        | |  2.8

Action                     || total
---------------------------++-------
  Melee: Flail             ||    94
    Use: Potion            ||     1
   Stab: Sleeping          ||     2
         Distracted        ||     1
 Armour: Leather armour    ||    35
  Dodge: Dodged            ||    74

Table legend: (Time is in decaauts)
 A = Elapsed time spent in this place.
 B = Non-inter-level travel time spent in this place.
 C = Inter-level travel time spent in this place.
 D = Time resting spent in this place.
 E = Time spent auto-exploring this place.
 F = Levels seen in this place.
 G = Mean time per level.
                   A        B        C        D        E       F      G
               +--------+--------+--------+--------+--------+-----+--------+
         Total |    842 |    784 |     58 |     66 |    484 |   2 |  421.0 |
       Dungeon |    842 |    784 |     58 |     66 |    484 |   2 |  421.0 |
               +--------+--------+--------+--------+--------+-----+--------+

Top non-repeatable levels by time:
     D:1: 804 daAuts
     D:2: 38 daAuts
